 Dungeon Sprint DCSS version 0.17-a0-1651-gae1a69f (webtiles) character file.

81846 Kidiri the Imperceptible (level 14, 0/88 HPs)
             Began as a Spriggan Enchanter on Aug 14, 2015.
             Was the Champion of Dithmenos.
             Splashed by the royal jelly's acid (1 damage)
             ... in the Dungeon (Sprint III: "The Ten Rune Challenge").
             The game lasted 00:37:25 (7836 turns).

Kidiri the Imperceptible (Spriggan Enchanter)       Turns: 7836, Time: 00:37:25

Health: 0/88       AC: 10    Str: 11    XL:     14   Next: 32%
Magic:  0/37       EV: 39    Int: 20    God:    Dithmenos [******]
Gold:   1021       SH:  2    Dex: 22    Spells: 11 memorised, 4 levels left

rFire  + . .     SeeInvis +     b - +5 quick blade
rCold  + . .     Clarity  .     C - +1 robe "Odaanum" {Regen+ Int+2 Dex-5}
rNeg   . . .     SustAt   .     (shield restricted)
rPois  +         Gourm    .     c - +1 hat {Spirit}
rElec  .         Spirit   +     D - +3 cloak of Disguise {rF+ Str+2 Dex+4}
rCorr  +         Warding  .     (gloves unavailable)
rMut   .         NoTele   +     (boots unavailable)
MR     ++...                    A - amulet of resist corrosion
Stlth  ..........               (no ring)
                                v - ring "Xioro" {rPois rC+ Dex+5 SInv}

@: berserking, wreathed by umbra, very quick, very resistant to hostile
enchantments, extremely unstealthy
A: unfitting armour, large bone plates 1, see invisible, clumsy 1, herbivore 3,
speed 3, slow metabolism 2, spit poison 1, wild magic 2, MP-powered wands
a: Spit Poison, Shadow Step, Shadow Form, Renounce Religion
}: 2/10 runes: serpentine, barnacled


You were in the Dungeon.
You worshipped Dithmenos.
Dithmenos was exalted by your worship.
You were not hungry.

You visited 1 branch You collected 2920 gold pieces.
You spent 1899 gold pieces at shops.

Inventory:

Hand weapons
 b - a +5 quick blade (weapon)
Armour
 c - a +1 hat of spirit shield (worn)
 C - the +1 robe "Odaanum" (worn) {Regen+ Int+2 Dex-5}
   (You bought it in a shop in the Dungeon)

   It affects your intelligence (+2).
   It affects your dexterity (-5).
   It increases your rate of regeneration.
 D - the +3 cloak of Disguise (worn) {rF+ Str+2 Dex+4}
   (You bought it in a shop in the Dungeon)

   It affects your strength (+2).
   It affects your dexterity (+4).
   It protects you from fire.
Jewellery
 v - the ring "Xioro" (left hand) {rPois rC+ Dex+5 SInv}
   (You bought it in a shop in the Dungeon)

   [ring of see invisible]

   It affects your dexterity (+5).
   It protects you from cold.
   It protects you from poison.
   It lets you see invisible.
 A - an amulet of resist corrosion (around neck)
Magical devices
 k - a wand of magic darts (26)
 w - a wand of enslavement (5)
Scrolls
 j - a scroll of blinking
 m - a scroll of holy word
 o - 2 scrolls of remove curse
 s - a scroll of torment {unknown}
 y - 2 scrolls of fear
 B - a scroll of enchant armour {unknown}
Potions
 a - a potion of heal wounds
 f - 2 potions of curing
 g - 2 potions of haste
 i - 2 potions of might
 n - a potion of agility
 r - 5 potions of flight
 u - 3 potions of cure mutation
 x - a potion of ambrosia {unknown}
Books
 d - a book of Geomancy

   Spells                             Type                      Level
   a - Sandblast                      Earth                        1
   b - Stoneskin                      Transmutation/Earth          2
   c - Passwall                       Transmutation/Earth          3
   d - Stone Arrow                    Conjuration/Earth            3
   e - Petrify                        Transmutation/Earth          4
   f - Lee's Rapid Deconstruction     Earth                        5
 z - a book of Power

   Spells                             Type                      Level
   a - Fulminant Prism                Conjuration/Hexes            4
   b - Iskenderun's Mystic Blast      Conjuration                  4
   c - Venom Bolt                     Conjuration/Poison           5
   d - Bolt of Magma                  Conjuration/Fire/Earth       5
   e - Iron Shot                      Conjuration/Earth            6
   f - Orb of Destruction             Conjuration                  7
   g - Spellforged Servitor           Conjuration/Summoning        7
Comestibles
 p - 13 fruits
 t - 28 royal jellies


   Skills:
 + Level 13.2 Short Blades
 * Level 21.6 Dodging
 * Level 23.3 Stealth
 * Level 18.9 Spellcasting
 + Level 9.2 Conjurations
 + Level 14.6 Hexes
 + Level 9.5 Summonings
 + Level 14.9 Translocations
 + Level 6.9 Transmutations
 + Level 10.5 Ice Magic
 + Level 4.9 Earth Magic
 - Level 2.4 Invocations


You had 4 spell levels left.
You knew the following spells:

 Your Spells              Type           Power        Failure   Level  Hunger
a - Corona                Hex            #######      1%          1    None
b - Ensorcelled Hibernat  Hex/Ice        ######       1%          2    None
c - Confuse               Hex            ########     1%          3    None
d - Tukima's Dance        Hex            ########     1%          3    None
e - Dazzling Spray        Conj/Hex       #######.     2%          3    None
f - Monstrous Menagerie   Summ           #######...   36%         6    ####...
g - Malign Gateway        Summ/Tloc      #######...   50%         7    ######.
h - Summon Greater Demon  Summ           #######...   82%         7    ######.
i - Summon Horrible Thin  Summ           #######...   100%        8    #######
j - Passwall              Trmt/Erth      ######....   8%          3    None
k - Stone Arrow           Conj/Erth      ######       6%          3    None


Dungeon Overview and Level Annotations

Branches:
Dungeon (1/1)

Altars:
Cheibriados
Dithmenos
Elyvilon
Fedhas
Gozag
Kikubaaqudgha
Makhleb
Nemelex Xobeh
Okawaru
Qazlal
Ru
Sif Muna
Trog
Vehumet
Xom
Yredelemnul
Zin
The Shining One
Jiyva
Lugonu

Shops:
D =![:?(*[*[?}=!=}%(:

Annotations:
D exclusion: orange crystal statue, Royal Jelly


Innate Abilities, Weirdness & Mutations

You are tiny and cannot use many weapons and most armour.
You have supernaturally acute eyesight.
You are a herbivore.
You cover ground extremely quickly.
You need consume almost no food.
You are partially covered in large bone plates (AC +2, SH +2).
You are clumsy. (Dex -2)
You can spit weak poison.
Your spells are harder to cast, but more powerful.
You expend magic power (3 MP) to strengthen your wands.


Message History

You catch the helpless azure jelly completely off-guard!
You stick the azure jelly like a pincushion!!!
You kill the azure jelly!
That felt strangely unrewarding.
Casting: Confuse
Confirm with . or Enter, or press ? or * to list all spells.
Aiming: Dazzling Spray
Press: ? - help, Shift-Dir - straight line, f - royal jelly
Aim: the royal jelly (severely wounded, umbra)
The spray of energy hits the royal jelly.
The royal jelly is severely wounded.
Your shadow mimicks your spell!
The shadow shard hits the royal jelly.
The royal jelly completely misses you. The royal jelly completely misses you.
Drink which item? (? for menu, Esc to quit)
A red film seems to cover your vision as you go berserk!
You feel yourself moving faster!
You feel mighty! The royal jelly hits you!!!
* * * LOW HITPOINT WARNING * * *
You are splashed with acid!
The acid burns!
You resist.
You die...

#(.# #..#####....#___#_.+...#
▓▓▓▓▓▓▓▓▓▓▓▓▓▓▓▓▓▓▓▓▓▓▓▓▓▓▓▓▓
▓...+..≈..§≈≈≈♣♣.....♣♣♣♣≈≈≈.
▓...#≈≈≈§§§≈≈.♣♣.≈≈≈≈'♣♣'♣≈≈≈
▓.P.#≈≈≈≈§§≈≈..'.....#.≈♣♣♣♣♣
▓..P#≈≈≈≈§≈≈≈≈♣♣♣♣♣♣♣#..♣♣
▓...#≈≈≈≈≈≈≈≈≈♣ ###+♣♣♣♣
▓##+####+#######♣ ♣♣♣♣.##..
▓.J........J@...♣♣ ♣...##.##
▓#'#############'♣ ♣♣.##.##.
▓...#≈P..........♣ ♣..#.##.
▓.§.+≈≈...########♣♣ ♣♣.##.##
▓.J.#≈≈≈.........PP♣ ♣♣.##.##
▓§J.#≈≈≈≈P..PP....P♣ ♣.....##
#'#############+#############
##§###### ▓............▓#
##J#...### ▓≈≈....%...≈≈▓#


You could see the royal jelly.

Vanquished Creatures
  Rupert (D)
  5 acid blobs (D)
  A kraken (D)
  Gastronok (D)
  Harold (D)
  9 azure jellies (D)
  A greater naga (D)
  Maud (D)
  2 dire elephants (D)
  A fire dragon (D)
  Snorg (D)
  A yaktaur captain (D)
  A naga warrior (D)
  2 hydras (D)
  2 centaur warriors (D)
  2 anacondas (D)
  2 alligator snapping turtles (D)
  4 dancing weapons (D)
  4 death yaks (D)
  An iron golem (D)
  A deep elf knight (D)
  An unseen horror (D)
  A skeletal warrior (D)
  A spriggan druid (D)
  A death drake (D)
  A deep elf conjurer (D)
  2 orc knights (D)
  Joseph (D)
  A lindwurm (D)
  2 ugly things (D)
  A faun (shapeshifter) (D)
  A shining eye (D)
  7 black mambas (D)
  An elephant (shapeshifter) (D)
  2 elephants (D)
  A guardian serpent (D)
  2 spiny frogs (D)
  A komodo dragon (D)
  3 wandering mushrooms (D)
  A fire drake (D)
  A queen bee (D)
  4 deep elf priests (D)
  4 spriggan defenders (D)
  A slime creature (shapeshifter) (D)
  3 orc high priests (D)
  4 snapping turtles (D)
  8 blink frogs (D)
  3 redbacks (D)
  A shadow (D)
  2 spriggans (D)
  2 nagas (D)
  A spatial vortex (D)
  A swamp drake (D)
  3 water moccasins (D)
  A fire dragon simulacrum (D)
  A necrophage (D)
  An earth elemental (D)
  2 brain worms (D)
  2 centaurs (D)
  A water elemental (D)
  32 killer bees (D)
  An electric eel (D)
  A jelly (D)
  Crazy Yiuf (D)
  6 orc wizards (D)
  Jessica (D)
  2 necromancers (D)
  2 orc priests (D)
  A wizard (D)
  A kobold demonologist (D)
  3 humans (D)
  3 polar bear simulacra (D)
  2 adders (D)
  A giant eyeball (D)
  2 oozes (D)
  9 orcs (D)
  2 fungi (D)
  4 plants (D)
195 creatures vanquished.

Vanquished Creatures (others)
  2 draconian scorchers (D)
  3 yaktaurs (D)
  A bush (D)
  2 fungi (D)
  3 plants (D)
  4 tentacles (D)
  95 tentacle segments (D)
110 creatures vanquished.

Grand Total: 305 creatures vanquished

Notes
Turn   | Place    | Note
--------------------------------------------------------------
     0 | D        | Kidiri the Spriggan Enchanter began the quest for the Orb.
     0 | D        | Reached XP level 1. HP: 9/9 MP: 5/5
     9 | D        | Reached skill level 5 in Stealth
    17 | D        | Reached XP level 2. HP: 11/13 MP: 5/7
    21 | D        | Learned a level 2 spell: Ensorcelled Hibernation
    76 | D        | Noticed Jessica
    81 | D        | Killed Jessica
    81 | D        | Reached skill level 5 in Dodging
    81 | D        | Reached skill level 6 in Stealth
    81 | D        | Reached skill level 1 in Ice Magic
    81 | D        | Reached XP level 3. HP: 16/16 MP: 6/10
    86 | D        | Learned a level 3 spell: Confuse
    90 | D        | Learned a level 3 spell: Tukima's Dance
    98 | D        | Killed a yaktaur
   149 | D        | Killed a yaktaur
   184 | D        | Noticed Crazy Yiuf
   187 | D        | Killed Crazy Yiuf
   187 | D        | Reached skill level 7 in Stealth
   187 | D        | Reached skill level 5 in Spellcasting
   187 | D        | Reached skill level 5 in Hexes
   187 | D        | Reached XP level 4. HP: 21/21 MP: 12/12
   194 | D        | Learned a level 3 spell: Dazzling Spray
   225 | D        | Gained mutation: You have an increased reservoir of magic (+10% MP). [potion of mutation]
   225 | D        | Lost mutation: You have an increased reservoir of magic (+10% MP). [potion of mutation]
   225 | D        | Gained mutation: You are partially covered in large bone plates (AC +2, SH +2). [potion of mutation]
   226 | D        | Gained mutation: Your spells are a little harder to cast, but a little more powerful. [potion of mutation]
   226 | D        | Gained mutation: You expend magic power (3 MP) to strengthen your wands. [potion of mutation]
   226 | D        | Gained mutation: Your spells are harder to cast, but more powerful. [potion of mutation]
   227 | D        | Gained mutation: You are clumsy. (Dex -2) [potion of mutation]
   227 | D        | Gained mutation: You can spit weak poison. [potion of mutation]
   236 | D        | Noticed a water elemental
   239 | D        | Killed a water elemental
   239 | D        | Reached skill level 8 in Stealth
   239 | D        | Reached skill level 1 in Conjurations
   239 | D        | Reached XP level 5. HP: 24/24 MP: 12/14
   257 | D        | Noticed a jelly
   258 | D        | Noticed a shadow
   265 | D        | Killed a white draconian scorcher
   286 | D        | Killed a shadow
   286 | D        | Reached skill level 10 in Stealth
   286 | D        | Reached XP level 6. HP: 28/28 MP: 1/17
   309 | D        | Killed a white draconian scorcher
   507 | D        | Killed a jelly
   512 | D        | Found a stormy altar of Qazlal.
   512 | D        | Found a sacrificial altar of Ru.
   512 | D        | Found a burning altar of Makhleb.
   512 | D        | Found a shimmering altar of Xom.
   512 | D        | Noticed a spatial vortex
   513 | D        | Found a viscous altar of Jiyva.
   513 | D        | Found a shadowy altar of Dithmenos.
   513 | D        | Found a sparkling altar of Nemelex Xobeh.
   513 | D        | Found a corrupted altar of Lugonu.
   513 | D        | Found an opulent altar of Gozag.
   518 | D        | Became a worshipper of Dithmenos the Shadowed
   527 | D        | Killed a spatial vortex
   527 | D        | Reached skill level 5 in Short Blades
   527 | D        | Reached skill level 11 in Stealth
   527 | D        | Reached skill level 1 in Invocations
   629 | D        | Found a radiant altar of Vehumet.
   630 | D        | Found a deep blue altar of Sif Muna.
   630 | D        | Found an ancient bone altar of Kikubaaqudgha.
   630 | D        | Noticed a wizard
   631 | D        | Killed a wizard
   645 | D        | Learned a level 6 spell: Monstrous Menagerie
   655 | D        | Found a glowing silver altar of Zin.
   656 | D        | Found a glowing golden altar of the Shining One.
   656 | D        | Found a white marble altar of Elyvilon.
   656 | D        | Noticed a deep elf priest
   658 | D        | Killed a deep elf priest
   658 | D        | Reached skill level 10 in Dodging
   658 | D        | Reached skill level 1 in Summonings
   658 | D        | Reached XP level 7. HP: 32/32 MP: 18/20
   673 | D        | Found an iron altar of Okawaru.
   674 | D        | Found a bloodstained altar of Trog.
   674 | D        | Noticed a human
   674 | D        | Noticed a human
   677 | D        | Killed a human
   677 | D        | Reached skill level 12 in Stealth
   679 | D        | Killed a human
   679 | D        | Reached XP level 8. HP: 36/36 MP: 16/22
   717 | D        | Found a snail-covered altar of Cheibriados.
   717 | D        | Noticed a necrophage
   721 | D        | Noticed a necromancer
   721 | D        | Killed a necrophage
   721 | D        | Acquired Dithmenos's first power
   724 | D        | Killed a necromancer
   725 | D        | Found a basalt altar of Yredelemnul.
   725 | D        | Found a blossoming altar of Fedhas.
   740 | D        | Learned a level 7 spell: Malign Gateway
   773 | D        | Noticed Snorg
   793 | D        | Killed Snorg
   793 | D        | Reached skill level 13 in Stealth
   793 | D        | Reached skill level 10 in Spellcasting
   948 | D        | Noticed an earth elemental
  1317 | D        | Killed an earth elemental
  1317 | D        | Reached XP level 9. HP: 39/39 MP: 4/24
  1553 | D        | Noticed a centaur
  1553 | D        | Noticed a centaur warrior
  1553 | D        | Noticed a centaur
  1554 | D        | Killed a centaur
  1554 | D        | Reached skill level 5 in Ice Magic
  1558 | D        | Killed a centaur
  1558 | D        | Acquired Dithmenos's second power
  1558 | D        | Reached skill level 14 in Stealth
  1564 | D        | Killed a centaur warrior
  1564 | D        | Reached skill level 5 in Translocations
  1647 | D        | Noticed an unseen horror
  1649 | D        | Killed an unseen horror
  1659 | D        | Noticed a killer bee
  1659 | D        | Noticed a killer bee
  1659 | D        | Noticed a killer bee
  1659 | D        | Noticed a killer bee
  1659 | D        | Noticed a killer bee
  1659 | D        | Noticed a killer bee
  1659 | D        | Noticed a killer bee
  1659 | D        | Noticed a killer bee
  1659 | D        | Noticed a killer bee
  1659 | D        | Noticed a killer bee
  1659 | D        | Noticed a queen bee
  1659 | D        | Noticed a killer bee
  1659 | D        | Noticed a killer bee
  1659 | D        | Noticed a killer bee
  1659 | D        | Noticed a killer bee
  1660 | D        | Noticed a killer bee
  1660 | D        | Noticed a killer bee
  1660 | D        | Noticed a killer bee
  1660 | D        | Noticed a killer bee
  1660 | D        | Noticed a killer bee
  1660 | D        | Noticed a killer bee
  1660 | D        | Noticed a killer bee
  1660 | D        | Noticed a killer bee
  1660 | D        | Noticed a killer bee
  1660 | D        | Noticed a killer bee
  1660 | D        | Noticed a killer bee
  1660 | D        | Noticed a killer bee
  1660 | D        | Noticed a killer bee
  1660 | D        | Noticed a killer bee
  1660 | D        | Noticed a killer bee
  1660 | D        | Noticed a killer bee
  1660 | D        | Noticed a killer bee
  1660 | D        | Noticed a killer bee
  1664 | D        | Killed a killer bee
  1664 | D        | Reached skill level 15 in Stealth
  1666 | D        | Killed a killer bee
  1668 | D        | Killed a killer bee
  1668 | D        | Acquired Dithmenos's third power
  1672 | D        | Killed a killer bee
  1674 | D        | Killed a killer bee
  1676 | D        | Killed a killer bee
  1678 | D        | Killed a killer bee
  1681 | D        | Killed a killer bee
  1683 | D        | Killed a killer bee
  1817 | D        | Killed a killer bee
  1817 | D        | Acquired Dithmenos's fourth power
  1819 | D        | Killed a killer bee
  1825 | D        | Killed a killer bee
  1827 | D        | Killed a killer bee
  1827 | D        | Reached XP level 10. HP: 44/44 MP: 16/27
  1829 | D        | Killed a killer bee
  1831 | D        | Killed a killer bee
  1833 | D        | Killed a killer bee
  1833 | D        | Reached skill level 5 in Conjurations
  1837 | D        | Killed a killer bee
  1841 | D        | Killed a killer bee
  1976 | D        | Killed a killer bee
  1978 | D        | Killed a killer bee
  1983 | D        | Killed a killer bee
  1985 | D        | Killed a killer bee
  1987 | D        | Killed a killer bee
  1990 | D        | Killed a killer bee
  1995 | D        | Killed a killer bee
  1998 | D        | Killed a killer bee
  2148 | D        | Killed a killer bee
  2149 | D        | Killed a killer bee
  2152 | D        | Killed a killer bee
  2153 | D        | Killed a killer bee
  2157 | D        | Killed a killer bee
  2158 | D        | Killed a queen bee
  2158 | D        | Reached skill level 10 in Hexes
  2171 | D        | Killed a killer bee
  2323 | D        | Learned a level 7 spell: Summon Greater Demon
  2324 | D        | Noticed a wandering mushroom
  2325 | D        | Noticed a wandering mushroom
  2325 | D        | Noticed a wandering mushroom
  2326 | D        | Killed a wandering mushroom
  2328 | D        | Killed a wandering mushroom
  2328 | D        | Reached skill level 16 in Stealth
  2329 | D        | Killed a wandering mushroom
  2492 | D        | Noticed a spiny frog
  2492 | D        | Noticed a komodo dragon
  2492 | D        | Noticed a spiny frog
  2496 | D        | Killed a spiny frog
  2498 | D        | Killed a spiny frog
  2498 | D        | Reached skill level 5 in Summonings
  2500 | D        | Killed a komodo dragon
  2500 | D        | Reached skill level 15 in Dodging
  2536 | D        | Noticed a redback
  2538 | D        | Killed a redback
  2539 | D        | Noticed a brain worm
  2543 | D        | Killed a brain worm
  2549 | D        | Noticed a brain worm
  2551 | D        | Killed a brain worm
  2603 | D        | Noticed a lindwurm
  2605 | D        | Noticed a redback
  2606 | D        | Killed a lindwurm
  2608 | D        | Killed a redback
  2614 | D        | Noticed a redback
  2615 | D        | Killed a redback
  2616 | D        | Noticed Maud
  2619 | D        | Killed Maud
  2619 | D        | Reached skill level 17 in Stealth
  2619 | D        | Reached XP level 11. HP: 47/47 MP: 29/29
  2623 | D        | Noticed an electric eel
  2624 | D        | Noticed an eight-headed hydra
  2624 | D        | Noticed a six-headed hydra
  2626 | D        | Killed an electric eel
  2628 | D        | Killed an eight-headed hydra
  2629 | D        | Killed a six-headed hydra
  2641 | D        | Noticed a death drake
  2644 | D        | Killed a death drake
  2675 | D        | Found a blossoming altar of Fedhas.
  2675 | D        | Noticed a spriggan
  2675 | D        | Noticed a spriggan druid
  2675 | D        | Noticed a spriggan
  2677 | D        | Killed a spriggan druid
  2678 | D        | Killed a spriggan
  2679 | D        | Killed a spriggan
  2703 | D        | Noticed a black mamba
  2703 | D        | Noticed a black mamba
  2704 | D        | Noticed a black mamba
  2705 | D        | Killed a black mamba
  2705 | D        | Reached skill level 18 in Stealth
  2706 | D        | Killed a black mamba
  2706 | D        | Reached skill level 10 in Short Blades
  2706 | D        | Reached skill level 10 in Translocations
  2710 | D        | Killed a black mamba
  2729 | D        | Noticed a black mamba
  2729 | D        | Noticed an anaconda
  2729 | D        | Noticed a water moccasin
  2729 | D        | Noticed an anaconda
  2731 | D        | Killed an anaconda
  2732 | D        | Killed an anaconda
  2733 | D        | Killed a black mamba
  2735 | D        | Killed a water moccasin
  2754 | D        | Noticed a water moccasin
  2754 | D        | Noticed a black mamba
  2755 | D        | Noticed a water moccasin
  2762 | D        | Killed a water moccasin
  2765 | D        | Killed a black mamba
  2769 | D        | Killed a water moccasin
  2886 | D        | Noticed a naga
  2886 | D        | Noticed a naga
  2887 | D        | Noticed a naga warrior
  2887 | D        | Noticed a greater naga
  2887 | D        | Found Oliw's Book Shop.
  2887 | D        | Found Kakuew's Magic Scroll Shoppe.
  2887 | D        | Found Kits's Antique Weapon Boutique.
  2888 | D        | Killed a naga
  2889 | D        | Killed a naga
  2891 | D        | Killed a naga warrior
  2891 | D        | Reached skill level 19 in Stealth
  2891 | D        | Reached skill level 15 in Spellcasting
  2891 | D        | Reached XP level 12. HP: 51/51 MP: 26/32
  2892 | D        | Killed a greater naga
  2924 | D        | Noticed a guardian serpent
  2926 | D        | Killed a guardian serpent
  2928 | D        | Got a serpentine rune of Zot
  2940 | D        | Learned a level 8 spell: Summon Horrible Things
  3031 | D        | Noticed a swamp drake
  3031 | D        | Noticed a fire drake
  3032 | D        | Killed a fire drake
  3034 | D        | Killed a swamp drake
  3105 | D        | Noticed a blink frog
  3105 | D        | Noticed a blink frog
  3105 | D        | Noticed a blink frog
  3106 | D        | Noticed a blink frog
  3106 | D        | Noticed a blink frog
  3107 | D        | Killed a blink frog
  3113 | D        | Killed a blink frog
  3118 | D        | Killed a blink frog
  3124 | D        | Killed a blink frog
  3184 | D        | Killed a blink frog
  3211 | D        | Noticed Rupert
  3213 | D        | Killed Rupert
  3232 | D        | Noticed a death yak
  3233 | D        | Noticed a death yak
  3233 | D        | Noticed a blink frog
  3234 | D        | Killed a death yak
  3235 | D        | Noticed an azure jelly
  3235 | D        | Noticed a death yak
  3235 | D        | Noticed an azure jelly
  3235 | D        | Noticed a blink frog
  3235 | D        | Noticed a death yak
  3236 | D        | Killed a death yak
  3236 | D        | Reached skill level 20 in Stealth
  3237 | D        | Killed a blink frog
  3238 | D        | Noticed a blink frog
  3238 | D        | Noticed a black mamba
  3239 | D        | Killed a death yak
  3245 | D        | Killed a death yak
  3248 | D        | Killed a blink frog
  3258 | D        | Killed a blink frog
  3261 | D        | Noticed an azure jelly
  3261 | D        | Noticed an azure jelly
  3431 | D        | Noticed a black mamba
  3441 | D        | Killed a black mamba
  3446 | D        | Killed a black mamba
  3669 | D        | Noticed a snapping turtle
  3698 | D        | Noticed an elephant
  3698 | D        | Noticed an elephant
  3698 | D        | Noticed a dire elephant
  3698 | D        | Noticed a dire elephant
  3698 | D        | Noticed Gastronok
  3700 | D        | Killed Gastronok
  3713 | D        | Killed a dire elephant
  3713 | D        | Reached XP level 13. HP: 55/55 MP: 20/34
  3725 | D        | Killed a dire elephant
  3977 | D        | Killed an elephant
  3996 | D        | Killed an elephant
  4305 | D        | Noticed Harold
  4305 | D        | Noticed Joseph
  4307 | D        | Killed Harold
  4307 | D        | Reached skill level 21 in Stealth
  4308 | D        | Killed Joseph
  4317 | D        | Noticed an orc high priest
  4317 | D        | Noticed an orc high priest
  4318 | D        | Noticed an orc high priest
  4318 | D        | Noticed an orc priest
  4319 | D        | Killed an orc high priest
  4320 | D        | Killed an orc high priest
  4322 | D        | Killed an orc high priest
  4323 | D        | Killed an orc priest
  4517 | D        | Noticed an orc wizard
  4518 | D        | Noticed an orc priest
  4518 | D        | Noticed an orc wizard
  4518 | D        | Noticed an orc wizard
  4518 | D        | Noticed an orc wizard
  4518 | D        | Noticed an orc wizard
  4518 | D        | Noticed an orc knight
  4518 | D        | Noticed an orc wizard
  4518 | D        | Noticed an orc knight
  4518 | D        | Found Uhye's General Store.
  4519 | D        | Killed an orc wizard
  4524 | D        | Killed an orc priest
  4527 | D        | Killed an orc knight
  4528 | D        | Killed an orc wizard
  4529 | D        | Killed an orc wizard
  4532 | D        | Killed an orc wizard
  4532 | D        | Killed an orc wizard
  4536 | D        | Killed an orc knight
  4541 | D        | Killed an orc wizard
  4616 | D        | Bought a scroll of magic mapping for 35 gold pieces
  4616 | D        | Bought the ring "Xioro" {rPois rC+ Dex+5 SInv} for 437 gold pieces
  4743 | D        | Bought a book of Geomancy for 490 gold pieces
  4747 | D        | Learned a level 3 spell: Passwall
  4751 | D        | Learned a level 3 spell: Stone Arrow
  4752 | D        | Bought a scroll of identify for 22 gold pieces
  4752 | D        | Bought a scroll of identify for 22 gold pieces
  4752 | D        | Bought a scroll of fear for 38 gold pieces
  4752 | D        | Bought a scroll of identify for 22 gold pieces
  4884 | D        | Noticed a fire dragon simulacrum
  4884 | D        | Noticed a polar bear simulacrum
  4884 | D        | Noticed a polar bear simulacrum
  4884 | D        | Killed a fire dragon simulacrum
  4885 | D        | Killed a polar bear simulacrum
  4886 | D        | Killed a polar bear simulacrum
  5012 | D        | Noticed a polar bear simulacrum
  5020 | D        | Killed a polar bear simulacrum
  5158 | D        | Bought a scroll of remove curse for 33 gold pieces
  5322 | D        | Noticed a spriggan defender
  5322 | D        | Noticed a spriggan defender
  5322 | D        | Noticed a spriggan defender
  5322 | D        | Noticed a spriggan defender
  5322 | D        | Killed a spriggan defender
  5323 | D        | Killed a spriggan defender
  5332 | D        | Killed a spriggan defender
  5336 | D        | Killed a spriggan defender
  5336 | D        | Reached skill level 1 in Transmutations
  5636 | D        | Noticed a fire dragon
  5638 | D        | Killed a fire dragon
  5638 | D        | Reached skill level 1 in Earth Magic
  5657 | D        | Noticed a centaur warrior
  5659 | D        | Killed a centaur warrior
  5667 | D        | Noticed a white ugly thing
  5675 | D        | Killed a white ugly thing
  5689 | D        | Noticed a slime creature
  5691 | D        | Killed a slime creature
  5725 | D        | Noticed a war axe of flaming
  5725 | D        | Noticed a hand axe of flaming
  5725 | D        | Noticed a scimitar of holy wrath
  5726 | D        | Noticed a war axe of chopping
  5961 | D        | Found Xati Jyen's Gadget Boutique.
  5961 | D        | Found Kutyraic's Antique Armour Emporium.
  5961 | D        | Found Wiargh's Food Emporium.
  5961 | D        | Found Gupoygg's General Store.
  5961 | D        | Found Voam's Antique Weapon Shop.
  5961 | D        | Found Miasuvac's Distillery.
  5961 | D        | Found Ratinnam's Gadget Boutique.
  5961 | D        | Found Vaqen's Armour Shoppe.
  5961 | D        | Found Wafog's Book Shoppe.
  5961 | D        | Found Kuhu's Jewellery Shop.
  5961 | D        | Found Secyrgh's Jewellery Emporium.
  5961 | D        | Found Huhacytup's Magic Scroll Boutique.
  5993 | D        | Bought a heavily jewelled robe for 85 gold pieces
  6003 | D        | Identified the +1 robe "Odaanum" {Regen+ Int+2 Dex-5} (You bought it in a shop in the Dungeon)
  6007 | D        | Bought the +3 cloak of Disguise {rF+ Str+2 Dex+4} for 507 gold pieces
  6299 | D        | Noticed a deep elf conjurer
  6299 | D        | Noticed a deep elf knight
  6299 | D        | Noticed a deep elf priest
  6299 | D        | Noticed a deep elf priest
  6299 | D        | Noticed a deep elf priest
  6306 | D        | Noticed a deep elf conjurer
  6308 | D        | Killed a deep elf priest
  6310 | D        | Killed a deep elf priest
  6312 | D        | Killed a deep elf priest
  6314 | D        | Killed a deep elf knight
  6315 | D        | Killed a deep elf conjurer
  6316 | D        | Noticed a deep elf demonologist
  6328 | D        | Noticed a deep elf demonologist
  6409 | D        | Noticed an orange crystal statue
  6457 | D        | Killed a scimitar of holy wrath
  6465 | D        | Killed a war axe of flaming
  6465 | D        | Reached skill level 22 in Stealth
  6577 | D        | Killed a war axe of chopping
  6649 | D        | Killed a hand axe of flaming
  6734 | D        | Noticed a faun
  6736 | D        | Killed a faun
  6739 | D        | Noticed an elephant
  6740 | D        | Noticed a purple ugly thing
  6740 | D        | Noticed a yaktaur captain
  6741 | D        | Killed an elephant
  6743 | D        | Killed a purple ugly thing
  6861 | D        | Killed a yaktaur captain
  7000 | D        | Noticed a skeletal warrior
  7001 | D        | Noticed an iron golem
  7002 | D        | Killed a skeletal warrior
  7002 | D        | Reached skill level 10 in Ice Magic
  7003 | D        | Killed an iron golem
  7024 | D        | Noticed a necromancer
  7026 | D        | Killed a necromancer
  7217 | D        | Noticed a kraken
  7320 | D        | Killed a snapping turtle
  7417 | D        | Killed a kraken
  7417 | D        | Reached skill level 5 in Transmutations
  7523 | D        | Killed a yaktaur
  7539 | D        | Noticed a snapping turtle
  7539 | D        | Noticed an alligator snapping turtle
  7540 | D        | Noticed a snapping turtle
  7540 | D        | Noticed an alligator snapping turtle
  7540 | D        | Found Dioriul's Antique Armour Shop.
  7540 | D        | Found Toucras's Distillery.
  7540 | D        | Found Denuaggos's Jewellery Shoppe.
  7541 | D        | Killed an alligator snapping turtle
  7542 | D        | Killed an alligator snapping turtle
  7542 | D        | Reached XP level 14. HP: 59/59 MP: 32/37
  7544 | D        | Noticed a snapping turtle
  7545 | D        | Killed a snapping turtle
  7547 | D        | Killed a snapping turtle
  7552 | D        | Killed a snapping turtle
  7557 | D        | Bought a potion of heal wounds for 65 gold pieces
  7557 | D        | Bought a potion of curing for 39 gold pieces
  7557 | D        | Bought a potion of curing for 39 gold pieces
  7557 | D        | Bought a potion of heal wounds for 65 gold pieces
  7558 | D        | Got a barnacled rune of Zot
  7649 | D        | Killed an azure jelly
  7652 | D        | Killed an azure jelly
  7660 | D        | Killed an azure jelly
  7660 | D        | Reached skill level 23 in Stealth
  7663 | D        | Killed an azure jelly
  7751 | D        | Noticed a shining eye
  7751 | D        | Noticed an azure jelly
  7751 | D        | Noticed an acid blob
  7752 | D        | Noticed the royal jelly
  7752 | D        | Found a viscous altar of Jiyva.
  7753 | D        | Killed a shining eye
  7756 | D        | Killed an azure jelly
  7757 | D        | Killed an acid blob
  7758 | D        | Noticed a shining eye
  7758 | D        | Noticed an azure jelly
  7758 | D        | Noticed an acid blob
  7759 | D        | Noticed an acid blob
  7759 | D        | Noticed an azure jelly
  7759 | D        | Noticed an azure jelly
  7759 | D        | Noticed an azure jelly
  7759 | D        | Noticed an azure jelly
  7759 | D        | Noticed an azure jelly
  7759 | D        | Noticed an azure jelly
  7759 | D        | Noticed an acid blob
  7759 | D        | Noticed an acid blob
  7759 | D        | Noticed an azure jelly
  7759 | D        | Noticed an acid blob
  7759 | D        | Noticed an azure jelly
  7759 | D        | Noticed an azure jelly
  7774 | D        | Killed an azure jelly
  7776 | D        | Killed an acid blob
  7782 | D        | Killed an azure jelly
  7786 | D        | Killed an acid blob
  7788 | D        | Killed an acid blob
  7803 | D        | Killed an azure jelly
  7805 | D        | Killed an acid blob
  7834 | D        | Killed an azure jelly
  7836 | D        | HP: 1/88 [the royal jelly (27)]
  7836 | D        | Splashed by the royal jelly's acid

Vault maps used:
D:        dungeon_sprint_mu

Action                   |  1- 3 |  4- 6 |  7- 9 | 10-12 | 13-15 || total
-------------------------+-------+-------+-------+-------+-------++-------
Melee: Dagger            |    17 |    11 |    33 |   105 |    38 ||   204
       Quick blade       |       |       |       |       |    66 ||    66
 Cast: Ensorcelled Hiber |     2 |       |    25 |    48 |    17 ||    92
       Confuse           |     1 |       |     1 |       |    12 ||    14
       Dazzling Spray    |       |     8 |    15 |    27 |    48 ||    98
       Passwall          |       |       |       |       |    19 ||    19
       Stone Arrow       |       |       |       |       |     7 ||     7
Invok: Shadow Step       |       |       |       |    13 |    20 ||    33
  Use: Potion            |     1 |     4 |       |       |     7 ||    12
       Scroll            |       |     2 |       |       |     9 ||    11
 Stab: Sleeping          |     4 |     5 |    18 |    66 |    41 ||   134
       Confused          |       |       |     1 |       |    10 ||    11
       Invisible         |       |       |     3 |     3 |     6 ||    12
  Eat: Bread ration      |       |       |       |     1 |       ||     1
